 Dungeon Crawl Stone Soup version 0.26-b1-32-g5d43845318 (webtiles) character file.

Game seed: 16527900073970158082

45617 inmateoo the Impaler (level 14, 0/114 HPs)
             Began as a Merfolk Gladiator on Jan 9, 2021.
             Was an Elder of Uskayaw.
             Slain by a white ugly thing (15 damage)
             ... on level 15 of the Dungeon.
             The game lasted 00:24:21 (20386 turns).

inmateoo the Impaler (Merfolk Gladiator)           Turns: 20386, Time: 00:24:21

Health: 0/114      AC: 17    Str: 21    XL:     14   Next: 33%
Magic:  12/12      EV: 23    Int: 11    God:    Uskayaw [****..]
Gold:   547        SH:  7    Dex: 23    Spells: 13/16 levels left

rFire    + . .     SeeInvis +   a - +2 trident
rCold    . . .     Faith    .   C - +1 buckler {rC+}
rNeg     + . .     Spirit   .   y - +6 ring mail "Fuadofon" {rElec}
rPois    .         Reflect  .   j - +2 hat
rElec    +         Harm     .   (no cloak)
rCorr    .         Rampage  .   M - +0 pair of gloves
Will     ++...                  q - +1 pair of boots
Stlth    +.........             i - amulet of the acrobat
HPRegen  0.29/turn              H - ring of Gluttony {Fire Int+4 Dex+4 Slay+5}
MPRegen  0.13/turn              I - ring "Vaol" {rN+ Will+ MP-9 Str+5 SInv}

@: no status effects
A: change form in water, swift swim, stealthy swim
a: Renounce Religion, Stomp, Line Pass


You were on level 15 of the Dungeon.
You worshipped Uskayaw.
Uskayaw was aware of your devotion.
You visited 1 branch of the dungeon, and saw 15 of its levels.
You also visited: Ice Cave.

You collected 1249 gold pieces.
You spent 702 gold pieces at shops.

Inventory:

Hand Weapons
 a - a +2 trident (weapon)
Missiles
 b - 2 javelins (quivered)
Armour
 j - a +2 hat (worn)
 q - a +1 pair of boots (worn)
 y - the +6 ring mail "Fuadofon" (worn) {rElec}
   (You found it on level 9 of the Dungeon)

   It insulates you from electricity.
 C - a +1 buckler of cold resistance (worn)
 D - +0 swamp dragon scales
 J - a +0 buckler of positive energy
 M - a +0 pair of gloves (worn)
Jewellery
 f - an uncursed ring of ice
 g - an uncursed ring of protection from cold
 i - an amulet of the acrobat (around neck)
 n - an uncursed ring of willpower
 o - a cursed -4 ring of slaying {unknown}
 H - the ring of Gluttony (left hand) {Fire Int+4 Dex+4 Slay+5}
   (You found it on level 10 of the Dungeon)

   [ring of fire]

   It enhances your fire magic.
   It affects your intelligence (+4).
   It affects your dexterity (+4).
   It affects your accuracy and damage with ranged weapons and melee attacks
   (+5).
   It protects you from fire.
   It makes you vulnerable to cold.
 I - the ring "Vaol" (right hand) {rN+ Will+ MP-9 Str+5 SInv}
   (You found it on level 10 of the Dungeon)

   [ring of positive energy]

   It affects your strength (+5).
   It protects you from negative energy.
   It affects your willpower, your defense against some magical effects.
   It affects your magic capacity (-9).
   It lets you see invisible.
Wands
 r - a wand of acid (5)
 t - a wand of polymorph (1)
 A - a wand of random effects (67)
 F - a wand of iceblast (55)
 K - a wand of disintegration (7)
 L - a wand of flame (15)
 P - a wand of digging (6)
Scrolls
 e - 3 scrolls of teleportation
 h - 7 scrolls of remove curse
 l - 5 scrolls of enchant weapon
 B - 4 scrolls of fog
 E - 2 scrolls of amnesia
 G - a scroll of immolation {unknown}
 N - a scroll of enchant armour {unknown}
 O - 4 scrolls of identify
Potions
 c - 3 potions of ambrosia
 d - a potion of lignification
 k - a potion of curing
 m - 2 potions of brilliance
 p - 3 potions of flight
 s - 3 potions of attraction {unknown}
 u - a potion of haste
 w - 4 potions of mutation {unknown}
 x - a potion of magic
 z - a potion of might


   Skills:
 + Level 11.8 Fighting
 - Level 20.0 Polearms
 - Level 2.0 Throwing
 - Level 5.0 Armour
 + Level 14.1 Dodging
 - Level 4.0 Shields
 + Level 1.5 Spellcasting
 - Level 10.0 Invocations


You had 13 spell levels left.
You knew the following spells:

 Your Spells              Type           Power        Failure   Level
a - Apportation           Tloc           0%           43%         1
b - Blink                 Tloc           N/A          58%         2

Your spell library contained the following spells:

 Spells                   Type           Power        Failure   Level
 Animate Skeleton         Necr           0%           43%         1
 Corona                   Hex            0%           43%         1
 Freeze                   Ice            0%           43%         1
 Magic Dart               Conj           0%           43%         1
 Summon Small Mammal      Summ           0%           43%         1
 Call Imp                 Summ           0%           58%         2
 Corpse Rot               Necr/Air       N/A          58%         2
 Ensorcelled Hibernation  Hex/Ice        0%           58%         2
 Slow                     Hex            0%           58%         2
 Call Canine Familiar     Summ           0%           82%         3
 Confusing Touch          Hex            0%           82%         3
 Conjure Flame            Conj/Fire      1%           82%         3
 Dazzling Flash           Conj/Hex       0%           82%         3
 Frozen Ramparts          Ice            0%           82%         3
 Mephitic Cloud           Conj/Pois/Air  0%           82%         3
 Ozocubu's Armour         Ice            0%           82%         3
 Portal Projectile        Hex/Tloc       0%           82%         3
 Stone Arrow              Conj/Erth      0%           82%         3
 Summon Guardian Golem    Hex/Summ       0%           82%         3
 Tukima's Dance           Hex            0%           82%         3
 Hailstorm                Conj/Ice       0%           99%         4
 Iskenderun's Mystic Bla  Conj/Tloc      0%           99%         4
 Summon Ice Beast         Ice/Summ       0%           99%         4
 Summon Lightning Spire   Summ/Air       0%           99%         4
 Summon Forest            Summ/Tloc      0%           100%        5
 Eringya's Noxious Bog    Tmut/Pois      0%           100%        6
 Hydra Form               Tmut           0%           100%        6
 Summon Hydra             Summ           0%           100%        7


Dungeon Overview and Level Annotations

Branches:
Dungeon (15/15)            Temple (0/1) D:7            Lair (0/6) D:11
    Orc (0/2) D:9          Vaults (0/5) D:13          IceCv (visited)
 Depths: D:15

Altars:
Dithmenos
Elyvilon
Fedhas
Gozag
Qazlal
Ru
Sif Muna
Uskayaw
Zin
The Shining One

Shops:
D:5 [?=   D:11 **(}*

Annotations:
D:10 2 runed translucent doors
D:13 2 runed translucent doors, Dittersdorf's ghost, journeyman MiBe
D:14 Frances


Message History

The white ugly thing is no longer paralysed.
The white ugly thing headbutts you. The white ugly thing freezes you!
You puncture the white ugly thing!
You kill the white ugly thing!
The white ugly thing is no longer paralysed.
You hit the white ugly thing.
The white ugly thing is lightly wounded.
The white ugly thing closely misses you.
You hit the white ugly thing.
The white ugly thing is lightly wounded.
The white ugly thing headbutts you. The white ugly thing freezes you!!
* * * LOW HITPOINT WARNING * * *
You puncture the white ugly thing!
The white ugly thing is moderately wounded.
Uskayaw will force your foes to share their pain.
Okay, then.
You feel better. The white ugly thing headbutts you!
* * * LOW HITPOINT WARNING * * *
The white ugly thing freezes you!
You die...

#.# #.### ....# ###.# .
# ### ##. # #.. ... ..
#### #.# #.. #.# ##
#..####### #.# #.. .#
##..##@†.....####.# #..
#
##....##u##........###..
...$...'.##...###..(....
.#....######### #.###...
##.. #.# #.#. #### #.#
#... ..# #.# #### #.#
#.# #.# #.#


You could see a white ugly thing.

Vanquished Creatures
  Harold (D:8)
  8 vault guards (D:13)
  A great orb of eyes (D:14)
  A death knight (D:15)
  5 two-headed ogres
  6 centaur warriors
  A skeletal warrior (D:15)
  3 unseen horrors
  Pikel (D:8)
  A phantasmal warrior (D:15)
  2 orc knights
  A deep elf mage (D:12)
  A necromancer (IceCv)
  A wolf spider zombie (D:13)
  4 ugly things
  3 manticores
  4 cyclopes
  Joseph (D:7)
  A black mamba (shapeshifter) (D:15)
  An ice statue (IceCv)
  A centaur skeleton (D:12)
  2 gargoyles
  13 freezing wraiths
  Maggie (D:8)
  2 efreet (D:14)
  2 trolls
  A hornet (D:4)
  Grinder (D:4)
  2 slime creatures
  3 wraiths
  A vampire (D:14)
  17 yaks
  2 basilisks
  2 wyverns (D:15)
  A steam dragon (D:12)
  2 death yak simulacra (IceCv)
  6 vampire mosquitoes
  A warg (shapeshifter) (D:15)
  A soldier ant (D:13)
  An acid dragon (D:15)
  Menkaure (D:5)
  2 sky beasts (D:13)
  A black bear (D:6)
  8 orc warriors
  17 ice beasts
  3 phantoms
  2 eyes of draining
  A tengu (shapeshifter) (D:13)
  6 ogres
  2 wolves
  A lemure (D:8)
  15 centaurs
  2 big kobolds
  9 bullfrogs
  A gnoll sergeant (D:10)
  A water moccasin zombie (D:11)
  3 scorpions
  13 wights
  4 killer bees (D:8)
  6 howler monkeys
  3 centaur zombies
  A draconian simulacrum (IceCv)
  4 hounds
  6 jellies
  6 orc priests
  3 bullfrog skeletons
  A gnoll shaman (D:5)
  6 iguanas
  17 orc wizards
  A polar bear simulacrum (IceCv)
  8 worker ants
  4 spriggan simulacra (IceCv)
  7 troll simulacra (IceCv)
  A wolf simulacrum (IceCv)
  5 centaur simulacra (IceCv)
  Robin (D:2)
  12 gnolls
  15 adders
  3 naga simulacra (IceCv)
  15 white imps
  6 ufetubi
  2 adder zombies
  2 adder skeletons (D:4)
  2 worms
  3 dart slugs
  4 leopard geckos
  50 orcs
  3 ball pythons
  6 giant cockroaches
  17 hobgoblins
  8 jackals
  4 quokkas
  6 bats
  4 frilled lizards
  21 goblins
  16 kobolds
  A leopard gecko skeleton (D:9)
  A quokka skeleton (D:6)
  10 rats
492 creatures vanquished.

Vanquished Creatures (others)
  An orc wizard (D:12)
  2 plants (D:11)
3 creatures vanquished.

Grand Total: 495 creatures vanquished

Notes
Turn   | Place    | Note
-------+----------+-------------------------------------------
     0 | D:1      | inmateoo the Merfolk Gladiator began the quest for the Orb.
     0 | D:1      | Reached XP level 1. HP: 16/16 MP: 1/1
   126 | D:1      | Reached XP level 2. HP: 23/23 MP: 2/2
   153 | D:1      | Reached skill level 5 in Polearms
   531 | D:1      | Reached XP level 3. HP: 25/28 MP: 3/3
   924 | D:2      | HP: 1/28 [poisoned by an adder]
   927 | D:2      | Reached skill level 6 in Polearms
   927 | D:2      | Reached XP level 4. HP: 28/35 MP: 4/4
  1504 | D:2      | Noticed Robin
  1530 | D:1      | Reached skill level 5 in Dodging
  1583 | D:2      | Reached XP level 5. HP: 40/41 MP: 5/5
  1592 | D:2      | Killed Robin
  2515 | D:3      | Reached skill level 7 in Polearms
  2819 | D:3      | Reached XP level 6. HP: 48/48 MP: 6/6
  3167 | D:3      | Found a glowing silver altar of Zin.
  3472 | D:3      | Reached skill level 8 in Polearms
  3703 | D:4      | Reached XP level 7. HP: 53/55 MP: 7/7
  3703 | D:4      | Noticed Grinder
  3748 | D:4      | Killed Grinder
  3749 | D:4      | Reached skill level 9 in Polearms
  3861 | D:4      | Found a glowing golden altar of the Shining One.
  3861 | D:4      | Found a blossoming altar of Fedhas.
  3862 | D:4      | Found an opulent altar of Gozag.
  3872 | D:4      | Found a hide-covered altar of Uskayaw.
  3892 | D:4      | Became a worshipper of Uskayaw the Reveller
  3968 | D:4      | Reached * piety under Uskayaw
  3972 | D:4      | Reached ** piety under Uskayaw
  3987 | D:4      | Reached *** piety under Uskayaw
  4072 | D:4      | Reached skill level 5 in Fighting
  4072 | D:4      | Noticed a hornet
  4388 | D:4      | Killed a hornet
  4389 | D:4      | Reached skill level 10 in Polearms
  4389 | D:4      | Reached XP level 8. HP: 12/62 MP: 8/8
  5169 | D:5      | Entered Level 5 of the Dungeon
  5178 | D:5      | Found Hemuydd's Armour Shop.
  5187 | D:5      | Noticed Menkaure
  5428 | D:5      | Killed Menkaure
  5429 | D:5      | Reached skill level 11 in Polearms
  5492 | D:5      | Reached **** piety under Uskayaw
  5668 | D:5      | Found Zapekhoe's Jewellery Shop.
  5691 | D:5      | Reached skill level 1 in Invocations
  5920 | D:5      | Found Cuuzumog's Magic Scroll Shoppe.
  5969 | D:5      | Reached XP level 9. HP: 69/69 MP: 8/10
  5986 | D:5      | Reached ***** piety under Uskayaw
  5987 | D:5      | Reached skill level 1 in Armour
  6726 | D:6      | Reached skill level 12 in Polearms
  7025 | D:6      | Found a shimmering blue altar of Sif Muna.
  7446 | D:7      | Found a staircase to the Ecumenical Temple.
  7571 | D:7      | Noticed Joseph
  7586 | D:7      | Reached ****** piety under Uskayaw
  7600 | D:7      | Killed Joseph
  8006 | D:8      | Noticed Psyche
  8007 | D:8      | Noticed Psyche
  8007 | D:8      | Psyche changed into Psyche the wolf
  8015 | D:8      | Killed Psyche the wolf
  8117 | D:8      | Noticed Harold
  8138 | D:8      | Killed Harold
  8139 | D:8      | Reached skill level 13 in Polearms
  8139 | D:8      | Reached XP level 10. HP: 28/79 MP: 2/13
  8583 | D:8      | Found a shimmering blue altar of Sif Muna.
  8584 | D:8      | Found a stormy altar of Qazlal.
  8696 | D:8      | Found a shadowy altar of Dithmenos.
  8698 | D:8      | Noticed Maggie
  8721 | D:8      | Killed Maggie
  8903 | D:8      | Noticed Pikel
  8945 | D:8      | Killed Pikel
  8990 | D:8      | Found a sacrificial altar of Ru.
  9383 | D:9      | Noticed a two-headed ogre
  9392 | D:9      | Killed a two-headed ogre
  9393 | D:9      | Reached skill level 14 in Polearms
  9393 | D:9      | Reached skill level 10 in Dodging
  9393 | D:9      | Reached skill level 5 in Invocations
  9661 | D:9      | Found a staircase to the Orcish Mines.
 10180 | D:9      | Reached XP level 11. HP: 77/86 MP: 15/15
 10209 | D:9      | Found a white marble altar of Elyvilon.
 10266 | D:9      | Got a masterwork ring mail
 10277 | D:9      | Identified the +6 ring mail "Fuadofon" {rElec} (You found
                  | it on level 9 of the Dungeon)
 10793 | D:9      | Found a hide-covered altar of Uskayaw.
 10817 | D:10     | Entered Level 10 of the Dungeon
 10817 | D:10     | Found a large runed translucent door.
 10817 | D:10     | Found a large runed translucent door.
 10817 | D:10     | Noticed a cyclops
 10842 | D:10     | Reached skill level 15 in Polearms
 10849 | D:10     | Noticed an orc knight
 10868 | D:10     | Killed an orc knight
 10870 | D:10     | Killed a cyclops
 11129 | D:10     | Found a large runed translucent door.
 11129 | D:10     | Found a large runed translucent door.
 11134 | D:10     | Got a smoking lead ring
 11142 | D:10     | Got a slimy silver ring
 11146 | D:10     | Identified the ring of Gluttony {Fire Int+4 Dex+4 Slay+5}
                  | (You found it on level 10 of the Dungeon)
 11148 | D:10     | Identified the ring "Vaol" {rN+ Will+ MP-9 Str+5 SInv} (You
                  | found it on level 10 of the Dungeon)
 11944 | D:10     | Identified Kuaca's Disquisition on Translocation
 12337 | D:11     | Reached skill level 1 in Shields
 12422 | D:11     | Found Kezekk's Assorted Antiques.
 12428 | D:11     | Noticed a two-headed ogre
 12437 | D:11     | Killed a two-headed ogre
 12441 | D:11     | Bought a pair of gloves for 135 gold pieces
 12441 | D:11     | Bought a scroll of teleportation for 90 gold pieces
 12441 | D:11     | Bought a scroll of fog for 60 gold pieces
 12441 | D:11     | Bought a grey potion for 27 gold pieces
 12614 | D:11     | Found Adwoily's Weapon Shop.
 12618 | D:11     | Found Doiqall's Gadget Boutique.
 12622 | D:11     | Noticed an unseen horror
 12637 | D:11     | Killed an unseen horror
 12854 | D:11     | Found Nowi's General Store.
 12862 | D:11     | Bought a scroll of teleportation for 39 gold pieces
 12862 | D:11     | Bought an uncursed ring of protection from cold for 325
                  | gold pieces
 12935 | D:11     | Found Mievva Geafa's Assorted Antiques.
 12955 | D:11     | Bought a smoky purple potion for 26 gold pieces
 13020 | D:11     | Noticed a cyclops
 13037 | D:11     | Killed a cyclops
 13204 | D:11     | Found a staircase to the Lair.
 13699 | D:12     | Noticed a seven-headed hydra
 13722 | D:12     | Noticed a two-headed ogre
 14043 | D:12     | Found a frozen archway.
 14043 | D:12     | Noticed a two-headed ogre
 14092 | D:12     | Killed a two-headed ogre
 14093 | D:12     | Reached skill level 16 in Polearms
 14093 | D:12     | Reached XP level 12. HP: 93/95 MP: 8/17
 14135 | IceCv    | Entered an ice cave
 14760 | IceCv    | Reached skill level 5 in Armour
 14958 | IceCv    | Found an ancient bone altar of Kikubaaqudgha.
 15959 | D:12     | Reached skill level 10 in Fighting
 15959 | D:12     | Reached skill level 17 in Polearms
 16100 | D:12     | Noticed a two-headed ogre
 16113 | D:12     | Killed a two-headed ogre
 16167 | D:12     | Reached XP level 13. HP: 81/103 MP: 10/19
 16847 | D:13     | Reached skill level 18 in Polearms
 17264 | D:13     | Found a runed translucent door.
 17454 | D:13     | Noticed an ettin
 17454 | D:13     | Noticed an ettin
 17454 | D:13     | Noticed a lich
 17457 | D:13     | Noticed Dittersdorf's ghost (journeyman MiBe)
 17466 | D:13     | Found a runed translucent door.
 17480 | D:13     | Noticed a vault guard
 17480 | D:13     | Noticed a vault guard
 17480 | D:13     | Noticed a vault guard
 17480 | D:13     | Noticed a vault guard
 17481 | D:13     | Found a gate to the Vaults.
 17481 | D:13     | Noticed a vault guard
 17481 | D:13     | Noticed a vault guard
 17482 | D:13     | Noticed a vault guard
 17482 | D:13     | Noticed a vault guard
 17503 | D:13     | Killed a vault guard
 17509 | D:13     | Killed a vault guard
 17523 | D:13     | Killed a vault guard
 17536 | D:13     | Killed a vault guard
 17542 | D:13     | Killed a vault guard
 17552 | D:13     | Killed a vault guard
 17564 | D:13     | Killed a vault guard
 17567 | D:13     | Killed a vault guard
 17964 | D:13     | Reached skill level 19 in Polearms
 18192 | D:14     | Noticed a great orb of eyes
 18204 | D:14     | Killed a great orb of eyes
 18418 | D:14     | Noticed Frances
 18431 | D:14     | HP: 2/106 [Frances/shard of ice (21)]
 18837 | D:14     | Reached XP level 14. HP: 113/113 MP: 12/21
 19168 | D:15     | Entered Level 15 of the Dungeon
 19259 | D:15     | Reached skill level 10 in Invocations
 19681 | D:15     | Noticed Nessos
 19690 | D:15     | Noticed Nessos
 19690 | D:15     | Nessos changed into Nessos the wolf
 19700 | D:15     | Killed Nessos the wolf
 19848 | D:15     | Found a glowing golden altar of the Shining One.
 19968 | D:15     | Learned a level 1 spell: Apportation
 19971 | D:15     | Learned a level 2 spell: Blink
 20104 | D:15     | Reached skill level 1 in Spellcasting
 20317 | D:15     | Reached skill level 20 in Polearms
 20386 | D:15     | Slain by a white ugly thing

Illustrated notes

Levels and vault maps discovered:
D:1:      grunt_arrival_lava_bath, layout_rooms, minmay_misc_feat_square
D:2:      layout_rooms, minmay_diced_spiral, uniq_robin
D:3:      layout_basic, lemuel_crystal_altar, serial_curves, eino_curves_04,
          eino_curves_04, eino_curves_01
D:4:      layout_rooms, nicolae_overflow_quartered_altars, uniq_grinder
D:5:      layout_loops_ring, serial_shops, kennysheep_mini_moat,
          nicolae_shop_stone, shop, uniq_menkaure
D:6:      kennysheep_orc_sif_temple, layout_basic
D:7:      layout_cave_pools, minmay_temple_entry_stoned_glass, uniq_joseph
D:8:      layout_loops_cross, minitemple, nicolae_overflow_hidden_temple,
          nicolae_ru_great_annihilating_truth, uniq_pikel, uniq_psyche,
          uniq_maggie, uniq_harold
D:9:      nicolae_whirlpool, layout_loops_ring, lemuel_crystal_altar,
          erik_orc_3, kennysheep_flooded_box
D:10:     layout_loops_ring, minmay_hollow_rounded_squares
D:11:     layout_layer_cave, dpeg_oklobed_lair, serial_shops, shop,
          nicolae_shop_crystal, shop_statue, nicolae_shop_behind_doors,
          nicolae_shop_statue_plus
D:12:     layout_small_grid, portal_ice_cave_entry_ice_beasts
D:13:     layout_irregular_city, erik_vaults_2, muffindrake_ghost_dual_entry,
          amcnicky_mini_pool_medium
D:14:     layout_roguey, minivault_20, lightli_corner_chamber, uniq_frances
D:15:     gammafunk_enter_depths_forms, layout_loops_ring, tso_altar,
          uniq_nessos

Skill      XL: |  1  2  3  4  5  6  7  8  9 10 11 12 13 14 |
---------------+-------------------------------------------+-----
Polearms       | 5 6 7 8 10 11 13 14 16 17 19 20 | 20.0
Fighting       | 3 4 5 6 7 8 9 10 11 | 11.8
Dodging        | 5 6 7 8 9 10 11 12 13 14 | 14.1
Invocations    | 1 4 5 6 8 9 10 | 10.0
Armour         | 2 3 4 5 |  5.0
Shields        | 2 4 |  4.0
Spellcasting   | 1 |  1.5
Throwing       | |  2.0

Action                   |  1- 3 |  4- 6 |  7- 9 | 10-12 | 13-15 || total
-------------------------+-------+-------+-------+-------+-------++-------
Melee: Trident           |   104 |   235 |   439 |  1100 |   522 ||  2400
       Tailslap          |       |       |       |     3 |       ||     3
Throw: Throwing net      |       |     1 |     7 |     3 |       ||    11
       Javelin           |       |       |     1 |     1 |       ||     2
Invok: Stomp             |       |       |     6 |     1 |     4 ||    11
       Line Pass         |       |       |       |     1 |       ||     1
       Grand Finale      |       |       |       |     1 |       ||     1
Evoke: Wand              |       |       |    13 |     7 |    10 ||    30
  Use: Potion            |     2 |       |     1 |     1 |     9 ||    13
       Scroll            |       |       |    10 |    12 |     5 ||    27
 Stab: Sleeping          |       |     1 |       |     2 |     2 ||     5
       Held in net/web   |       |     1 |     5 |     7 |       ||    13
       Paralysed         |       |       |     8 |    71 |    30 ||   109
       Distracted        |       |       |       |       |     1 ||     1
Armor: Leather armour    |    23 |    34 |       |       |       ||    57
       Scale mail        |       |    12 |    84 |     7 |       ||   103
       Swamp dragon scal |       |       |       |    20 |       ||    20
       Ring mail         |       |       |       |   118 |    37 ||   155
       Skin              |       |       |       |       |    25 ||    25
Dodge: Dodged            |    72 |   157 |   219 |   540 |   203 ||  1191
Block: Buckler           |       |       |       |   128 |    90 ||   218
